 Dungeon Crawl Stone Soup version 0.21-a0-286-g6fcecc0 (webtiles) character file.

32 4thArraOfDagon the Skirmisher (level 3, -8/33 HPs)
             Began as a Minotaur Abyssal Knight on Sept 25, 2017.
             Was a Follower of Lugonu.
             Mangled by a worm (11 damage)
             ... on level 2 of the Dungeon.
             The game lasted 00:01:07 (283 turns).

4thArraOfDagon the Skirmisher (MiAK)                 Turns: 283, Time: 00:01:08

Health: -8/33      AC:  3    Str: 16    XL:     3   Next: 8%
Magic:  3/3        EV: 11    Int: 10    God:    Lugonu [*.....]
Gold:   53         SH:  0    Dex:  9    Spells: 2/2 levels left

rFire    . . .     SeeInvis .   a - +1 hand axe
rCold    . . .     Gourm    .   (no shield)
rNeg     . . .     Faith    .   b - +0 leather armour
rPois    .         Spirit   .   (helmet restricted)
rElec    .         Reflect  .   (no cloak)
rCorr    .         Harm     .   (no gloves)
MR       .....                  (no boots)
Stlth    +.........             (no amulet)
HPRegen  0.11/turn              (no ring)
MPRegen  0.08/turn              (no ring)

@: no status effects
A: retaliatory headbutt, horns 2
a: Depart the Abyss, Renounce Religion


You were on level 2 of the Dungeon.
You worshipped Lugonu.
Lugonu was aware of your devotion.
You were not hungry.

You visited 1 branch of the dungeon, and saw 4 of its levels.
You visited the Abyss 1 time.

You collected 53 gold pieces.

Inventory:

Hand Weapons
 a - a +1 hand axe (weapon)
Armour
 b - a +0 leather armour (worn)
Wands
 f - a wand of polymorph (13/24)
Scrolls
 d - a scroll of immolation {unknown}
 e - a scroll of remove curse {unknown}
Potions
 g - a potion of might {unknown}
Comestibles
 c - a bread ration


   Skills:
 + Level 3.9 Fighting
 * Level 3.3 Axes
 + Level 2.7 Armour
 + Level 1.4 Dodging
 + Level 2.2 Invocations


You had 2 spell levels left.
You didn't know any spells.

Dungeon Overview and Level Annotations

Branches:
Dungeon (4/15)
 Temple: D:4-7

Altars:

Annotations:
D:3 Grinder
D:4 Robin


Innate Abilities, Weirdness & Mutations

You reflexively headbutt those who attack you in melee.
You have a pair of horns on your head.


Message History

The worm is heavily wounded.
You barely miss the worm.
The worm is heavily wounded.
The worm closely misses you.
You slash the worm!
The worm is almost dead.
The worm bites you.
You hit the worm.
The worm is almost dead.
You hit the worm.
The worm is almost dead.
The worm closely misses you.
You hit the worm.
The worm is almost dead.
The worm bites you!
* * * LOW HITPOINT WARNING * * *
You barely miss the worm.
The worm is almost dead.
The worm bites you!
You die...

########
#((....#
#.####.#
#.# #.#
#.# #.#
#(# #.#
#.# #.#
#)# #.#
#@# #.#
#w# ##.#
#.# #..#
..# #.##
### #.#
#.# #.#
#.# #.#


You could see a worm.

Vanquished Creatures
  An adder (D:2)
  A worm (D:2)
  A leopard gecko (D:2)
  A bat (D:2)
  A giant cockroach (D:2)
  7 goblins
  2 hobgoblins
  A jackal (D:3)
  A rat (D:2)
16 creatures vanquished.

Notes
Turn   | Place    | Note
-------+----------+-------------------------------------------
     0 | Abyss:1  | 4thArraOfDagon the Minotaur Abyssal Knight began the quest for the Orb.
     0 | Abyss:1  | Reached XP level 1. HP: 19/19 MP: 1/1
    28 | Abyss:1  | Noticed an ice beast
    35 | Abyss:1  | Noticed a quasit
    41 | D:1      | Escaped the Abyss
    70 | D:4      | Noticed Robin
    87 | D:3      | Reached XP level 2. HP: 12/27 MP: 2/2
   136 | D:3      | Noticed Grinder
   177 | D:2      | Reached * piety under Lugonu
   211 | D:2      | Reached XP level 3. HP: 22/33 MP: 3/3
   283 | D:2      | Mangled by a worm

Vault maps used:
D:1:      lightli_arrival_boilingwater, minmay_octomino_j4
D:2:      first_bread, kennysheep_generic_room_10
D:3:      kennysheep_the_goblin_king, overflow_temple_1_default, uniq_grinder,
          uniq_purgy
D:4:      kennysheep_mini, lemuel_crystal_altar,
          lemuel_zombie_altar_kikubaaqudgha, lemuel_coloured_pillars_altar,
          uniq_robin

Skill      XL: |  1  2 |
---------------+-------+-----
Invocations    | 2 |  2.2
Axes           | 3 |  3.3
Fighting       | |  3.9
Armour         | |  2.7
Dodging        | |  1.4

Action                   || total
-------------------------++-------
Melee: Hand axe          ||    35
       Headbutt          ||     1
Invok: Depart the Abyss  ||     1
Armor: Leather armour    ||     8
Dodge: Dodged            ||    18

Table legend:
 A = Spawn XP
 B = Non-spawn XP
 C = Spawn XP percentage of total XP
 D = Spawn monster count
 E = Non-spawn monster count
 F = Spawn count percentage of total count
 G = Total turns spent on level
                    A         B        C        D         E        F      G
               +---------+---------+-------+---------+---------+-------+---------
         Total |       0 |      46 |   0.0 |       0 |      16 |   0.0 |   283
               +---------+---------+-------+---------+---------+-------+---------
           D:2 |       0 |      30 |   0.0 |       0 |       8 |   0.0 |   143
           D:3 |       0 |      16 |   0.0 |       0 |       8 |   0.0 |    86
               +---------+---------+-------+---------+---------+-------+---------
